 Dungeon Crawl Stone Soup version 0.30-a0-170-g85af917532 (webtiles) character file.

Game seed: 10174279772902576454

72 qw the Chopper (level 4, 0/28 HPs)
             Began as a Gargoyle Fighter on Sept 30, 2022.
             Killed from afar by Ijyb (2 damage)
             ... with a bolt of dispelling energy
             ... on level 3 of the Dungeon.
             The game lasted 00:00:35 (2277 turns).

qw the Chopper (Gargoyle Fighter)                   Turns: 2277, Time: 00:00:35

Health: 0/28       AC: 11    Str: 22    XL:     4   Next: 25%
Magic:  4/4        EV:  9    Int:  8    God:
Gold:   59         SH:  4    Dex:  9    Spells: 3/3 levels left

rFire   . . .      SeeInvis .    Y - +0 war axe
rCold   . . .      Faith    .    c - +0 buckler
rNeg    + . .      Spirit   .    b - +0 scale mail
rPois   inf        Reflect  .    (no helmet)
rElec   +          Harm     .    (no cloak)
rCorr   .          Rampage  .    g - +0 pair of gloves
Will    .....                    (no boots)
Stlth   ..........               l - amulet of the acrobat
HPRegen 0.09/turn                (no ring)
MPRegen 0.09/turn                (no ring)

@: no status effects
A: sickness immunity, AC +3, negative energy resistance 1, electricity
resistance, torment resistance 1, petrification resistance
a: no special abilities


You were on level 3 of the Dungeon.
You visited 1 branch of the dungeon, and saw 3 of its levels.

You collected 59 gold pieces.


Innate Abilities, Weirdness & Mutations

You are immune to sickness and miasma.
Your stone body is resilient. (AC +3)
You are immune to poison.
You resist negative energy. (rN+)
You are resistant to electric shocks. (rElec)
You are resistant to unholy torment.
You are immune to petrification.


   Skills:
 - Level 3.2 Fighting
 + Level 3.7 Axes
 - Level 1.1 Throwing
 - Level 3.2 Armour
 - Level 3.2 Shields


You had 3 spell levels left.
You didn't know any spells.
Your spell library was empty.

Inventory:

Hand Weapons
 a - a +0 morningstar
 Y - a +0 war axe (weapon)
Missiles
 k - 4 javelins (quivered)
Armour
 b - a +0 scale mail (worn)
 c - a +0 buckler (worn)
 g - a +0 pair of gloves (worn)
Jewellery
 l - an amulet of the acrobat (around neck)
Scrolls
 j - a scroll of identify
Potions
 d - 3 potions of might
 f - a potion of attraction
 h - a potion of mutation {unknown}
 i - a potion of heal wounds {unknown}
 m - a potion of ambrosia {unknown}
 n - a potion of flight {unknown}

Dungeon Overview and Level Annotations

Branches:
Dungeon (3/15)

Altars:

Annotations:
D:3 Ijyb, Terence


Message History

Existing waypoints: (1) D:2 (2) D:1 Assign waypoint to what number? (0-9, D - delete waypoint) Waypoint 2 re-assigned from D:1 to D:3.
Enter note:
Found a stone staircase leading down.
Ijyb screams, "Me kill you!"
Ijyb zaps a wand.
The bolt of dispelling energy hits you!
Terence the Incautious comes into view.
He is wielding a +2 flail of protection.
Terence shouts!
Ijyb completely misses you.
Terence screams, "I'm going to kill you!"
You hit Ijyb but do no damage.
Ijyb zaps a wand.
The bolt of dispelling energy misses you.
You closely miss Ijyb. Ijyb closely misses you.
You slash Ijyb!
Ijyb is heavily wounded.
Ijyb zaps a wand.
The bolt of dispelling energy hits you! Ijyb barely misses you.
Terence barely misses you.
You closely miss Ijyb.
Ijyb is heavily wounded.
You barely miss Terence. Ijyb closely misses you.
Terence hits you but does no damage.
You barely miss Ijyb.
Ijyb is heavily wounded.
You hit Terence. You block Ijyb's attack.
Terence hits you with a +2 flail of protection.
You closely miss Ijyb.
Ijyb is heavily wounded.
You hit Terence but do no damage. Ijyb barely misses you.
You block Terence's attack. x2
Ijyb hits you but does no damage.
You hit Ijyb but do no damage.
Ijyb is heavily wounded.
You hit Terence but do no damage.
Ijyb zaps a wand.
The bolt of dispelling energy hits you.
You die...

## #...# ##.##
..#.#
##...####....#
##............#
##.>...........#.
#................
#.........$...>##
#.....<..@g......
...........@....##
####.........!..#
##...##..#####
##.###...# #.
#.#.# ## #.#.#
#.#.#


You could see Ijyb and Terence.

Vanquished Creatures
  2 adders (D:2)
  3 worms (D:2)
  A dart slug (D:2)
  2 ball pythons (D:1)
  4 endoplasms
  3 giant cockroaches (D:2)
  A goblin (D:1)
  5 hobgoblins
  2 jackals (D:1)
  A quokka (D:2)
  4 bats
  5 frilled lizards
  3 kobolds
  7 rats (D:1)
43 creatures vanquished.

Notes
Turn   | Place    | Note
-------+----------+-------------------------------------------
     0 | D:1      | qw the Gargoyle Fighter began the quest for the Orb.
     0 | D:1      | Reached XP level 1. HP: 14/14 MP: 1/1
     0 | D:1      | 0 ||| qw: Version: 0.2-a-12-gaebbb33
     0 | D:1      | 0 ||| qw: Game counter: 1641
     0 | D:1      | 0 ||| qw: Always use a shield: true
     0 | D:1      | 0 ||| qw: God list: Okawaru
     0 | D:1      | 0 ||| qw: Allow faded altars: false
     0 | D:1      | 0 ||| qw: Do Orc after D:15 true
     0 | D:1      | 0 ||| qw: Do second Lair branch before Depths: true
     0 | D:1      | 0 ||| qw: Lair rune preference: random
     0 | D:1      | 0 ||| qw: Plans: Normal, Zot:1-4, God:TSO, Crypt, Tomb,
                  | Pan, Slime:5, Hells, Abyss, Orb
     0 | D:1      | 0 ||| PLANNING D:1-11
    53 | D:1      | 53 ||| Stepping ~*~*~tactically~*~*~ (stealth).
    67 | D:1      | HP: 3/14 [ball python (3)]
    68 | D:1      | HP: 1/14 [constriction (1)]
    69 | D:1      | Reached XP level 2. HP: 1/19 MP: 2/2
   775 | D:1      | Reached skill level 3 in Axes
  1053 | D:1      | 1053 ||| UPGRADING to amulet of the acrobat.
  1058 | D:1      | 1058 ||| DROPPING ring of flight.
  1059 | D:1      | 1059 ||| READING 2 scrolls labelled DUCAPU PETE.
  1060 | D:1      | 1060 ||| READING scroll labelled TIDUJO BAUSUNT.
  1061 | D:1      | 1061 ||| READING 2 scrolls labelled VIYBLA NO OMEX.
  1062 | D:1      | 1062 ||| READING scroll labelled POEWNU FYZAIPLAMAL.
  1063 | D:1      | 1063 ||| DROPPING scroll of noise.
  1142 | D:2      | Reached XP level 3. HP: 21/23 MP: 3/3
  1166 | D:2      | 1166 ||| DROPPING +0 mace.
  1225 | D:2      | Reached skill level 1 in Throwing
  1600 | D:2      | HP: 5/23 [dart slug/slug dart (3)]
  1601 | D:2      | Reached XP level 4. HP: 6/28 MP: 4/4
  2237 | D:2      | 2237 ||| UPGRADING to +0 pair of gloves.
  2242 | D:2      | 2242 ||| READING scroll labelled BEYSHYT TINKE.
  2245 | D:2      | 2245 ||| READING scroll labelled YSIACUR ZESH.
  2246 | D:2      | 2246 ||| READING 3 scrolls of identify.
  2246 | D:2      | 2246 ||| IDENTIFYING lumpy puce potion
  2247 | D:2      | 2247 ||| READING 2 scrolls of identify.
  2247 | D:2      | 2247 ||| IDENTIFYING bubbling blue potion
  2248 | D:2      | 2248 ||| DROPPING potion of degeneration.
  2267 | D:3      | Noticed Ijyb
  2269 | D:3      | Noticed Terence
  2273 | D:3      | HP: 2/28 [Ijyb/bolt of dispelling energy (13)]
  2277 | D:3      | Killed from afar by Ijyb

Levels and vault maps discovered:
D:1:      dpeg_arrival_prison, layout_basic, interstate_on_off,
          roderic_serpentine_path, hangedman_abyss_or_decor_stabs
D:2:      layout_loops_corners
D:3:      layout_loops_ring, xom_teletrap_fun, lightli_temple_of_fire,
          lemuel_doored_altar, serial_shops, nicolae_shop_bloodbath_and_beyond,
          uniq_terence, uniq_ijyb, uniq_jessica

Skill      XL: |  1  2  3 |
---------------+----------+-----
Axes           | 2 3 |  3.7
Throwing       | 1 |  1.1
Fighting       | |  3.2
Armour         | |  3.2
Shields        | |  3.2

Action                   |  1- 3 |  4- 6 || total
-------------------------+-------+-------++-------
Melee: War axe           |    90 |    21 ||   111
Throw: Javelin           |    17 |    10 ||    27
  Use: Scroll            |     4 |     4 ||     8
Armor: Scale mail        |    70 |     8 ||    78
Dodge: Dodged            |    56 |    12 ||    68
Block: Buckler           |    24 |     8 ||    32

Table legend:
 A = Non-vault XP
 B = Vault XP
 C = Vault XP percentage of total XP
 D = Non-vault monster count
 E = Vault monster count
 F = Vault count percentage of total count
                 A         B        C        D         E       F
            +---------+---------+-------+---------+---------+-------
      Total |      99 |       4 |   3.9 |      39 |       4 |   9.3
            +---------+---------+-------+---------+---------+-------
        D:1 |      29 |       4 |  12.1 |      19 |       4 |  17.4
        D:2 |      70 |       0 |   0.0 |      20 |       0 |   0.0
            +---------+---------+-------+---------+---------+-------
